 Dungeon Crawl Stone Soup version 0.28-a0-1152-g9c71ebef14 (webtiles) character file.

Game seed: 17214809174894413514

303 spaghetti the Skirmisher (level 6, 0/49 HPs)
             Began as an Octopode Delver on Dec 14, 2021.
             Was an Initiate of Gozag.
             Slain by an adder zombie (1 damage)
             ... in an ossuary.
             The game lasted 00:05:57 (2877 turns).

spaghetti the Skirmisher (Octopode Delver)          Turns: 2877, Time: 00:05:57

Health: 0/49       AC:  1    Str: 10 (11) XL:     6   Next: 38%
Magic:  6/6        EV: 13    Int: 15      God:    Gozag
Gold:   172        SH:  0    Dex: 12 (13) Spells: 5/5 levels left

rFire   . . .      SeeInvis .   a - +0 short sword {short}
rCold   . . .      Faith    .   (no shield)
rNeg    . . .      Spirit   .   (helmet restricted)
rPois   .          Reflect  .   (no amulet)
rElec   .          Harm     .   (no ring)
rCorr   .          Rampage  .   (no ring)
Will    .....                   (no ring)
Stlth   ++++......              (no ring)
HPRegen 0.16/turn               (no ring)
MPRegen 0.10/turn               (no ring)
                                (no ring)
                                (no ring)

@: gold aura
A: almost no armour, amphibious, 8 rings, camouflage 1, gelatinous body 1,
(nimble swimmer 1), tentacles, deterioration 1, high mp 1, wild magic 1
a: Renounce Religion, Potion Petition, Call Merchant, Bribe Branch


You were in an ossuary.
You worshipped Gozag.
Gozag was aware of your devotion.
You visited 2 branches of the dungeon, and saw 6 of its levels.
You also visited: Ossuary.

You collected 248 gold pieces.
You paid 76 gold pieces to Gozag.


Innate Abilities, Weirdness & Mutations

You cannot wear most types of armour.
You are amphibious.
You can wear up to eight rings at the same time.
Your skin changes colour to match your surroundings (Stealth+).
Your rubbery body absorbs attacks. (AC +1, EV +1)
((You are camouflaged near water. (Stealth+)))
You have tentacles for arms and can constrict up to eight enemies at once.
Your body sometimes deteriorates upon taking damage.
You have an increased reservoir of magic. (+10% MP)
Your spells are a little harder to cast, but a little more powerful.


   Skills:
 + Level 7.0 Fighting
 - Level 2.0 Short Blades
 - Level 2.0 Dodging
 - Level 6.6 Stealth


You had 5 spell levels left.
You didn't know any spells.
Your spell library contained the following spells:

 Spells                   Type           Power      Damage    Failure   Level
 Magic Dart               Conj           0%         1d3       34%         1
 Slow                     Hex            0%         N/A       34%         1
 Blink                    Tloc           0%         N/A       47%         2
 Call Imp                 Summ           0%         N/A       47%         2
 Confusing Touch          Hex            0%         N/A       71%         3
 Lesser Beckoning         Tloc           0%         N/A       71%         3
 Mephitic Cloud           Conj/Pois/Air  0%         N/A       71%         3
 Vampiric Draining        Necr           0%         2d6       71%         3
 Manifold Assault         Tloc           0%         N/A       100%        5

Inventory:

Hand Weapons
 a - a +0 short sword (weapon) {short}
Missiles
 c - 61 stones (quivered) {throwing}
 i - 23 sling bullets
Wands
 f - a wand of digging (3)
Scrolls
 b - 2 scrolls of fog
 d - a scroll of fear
 g - 2 scrolls of identify {@r1}

Dungeon Overview and Level Annotations

Branches:
Dungeon (7/15)             Temple (1/1) D:5         Ossuary (1/1)

Altars:
Ashenzari
Cheibriados
Dithmenos
Elyvilon
Gozag
Hepliaklqana
Kikubaaqudgha
Makhleb
Nemelex Xobeh
Okawaru
Qazlal
Ru
Sif Muna
Trog
Xom
Yredelemnul
Zin
The Shining One

Shops:
D:5 ?

Annotations:
D:6 1 exclusion

######################
#....................#
#....................#
#........8..8$.......#
#.....Z..Z.......$...#
#...######ZZ######...#
#...# #..#.ZZ.#...#
#...# #..#@$#.#...#
#..Z#.####..####.#M..#
#...#.......ZZ...#...#
#...#.......####.#...#
#...#.......# #.#.Z.#
#...#.......# ..#...#
#...#.....∩.# ###Z..#
#...####+.... #...#
#...# #...# #Z..#


You could see an adder zombie and a kobold zombie.


Message History

You constrict the orc zombie. The orc zombie completely misses you.
You hit the orc zombie. You constrict the orc zombie.
You destroy the orc zombie!
You see here 4 gold pieces.
There are monsters nearby!
You now have 164 gold pieces (gained 4). 😨 HP[+1]
A goblin zombie comes into view.
The goblin zombie barely misses you.
You see here 8 gold pieces. 😨 HP[+1]
You now have 172 gold pieces (gained 8).
The goblin zombie barely misses you. 😨 HP[+1] 😨 HP[+1]
You start resting.
A hobgoblin zombie is nearby!
You barely miss the hobgoblin zombie. You grab the hobgoblin zombie.
You constrict the hobgoblin zombie.
The hobgoblin zombie closely misses you.
You are too injured to fight recklessly!
You are too injured to fight recklessly!
You are too injured to fight recklessly!
You are too injured to fight recklessly!
You hit the hobgoblin zombie.
You destroy the hobgoblin zombie! 😨 HP[+1]
You hit the goblin zombie. You grab the goblin zombie.
You squeeze the goblin zombie. You constrict the goblin zombie.
The goblin zombie misses you.
You hit the goblin zombie.
You destroy the goblin zombie!
A human zombie is nearby!
You hit the human zombie. You grab the human zombie.
You constrict the human zombie. The human zombie misses you.
You hit the human zombie. You constrict the human zombie.
You hit the human zombie. You squeeze the human zombie.
You constrict the human zombie. The human zombie hits you.
* * * LOW HITPOINT WARNING * * *
😨 HP[-3]
You take 3 damage, and now have 21/49 hp.
You hit the human zombie. You constrict the human zombie.
The human zombie barely misses you.
You hit the human zombie. You squeeze the human zombie.
You constrict the human zombie. The human zombie hits you!
* * * LOW HITPOINT WARNING * * *
Your body deteriorates!
You feel clumsy. 😨 HP[-6]
You take 6 damage, and now have 15/49 hp.
Unknown command.
Okay, then.
You aren't carrying any potions.
Okay, then.
You hit the human zombie. You constrict the human zombie.
The human zombie hits you!
* * * LOW HITPOINT WARNING * * *
Your body deteriorates!
You feel weakened. 😱 HP[-7]
You take 7 damage, and now have 8/49 hp.
You release your grip on the human zombie.
Okay, then.
Okay, then.
Aiming: Dig
Press: ? - help, Shift-Dir - straight line, f - you Please select a direction to dig.
Okay, then.
Unknown command.
You hit the human zombie. You grab the human zombie.
You constrict the human zombie.
An adder zombie comes into view.
The human zombie is distracted by your dazzling golden aura.
You hit the human zombie but do no damage.
The human zombie is no longer distracted by gold.
The sentinel's mark upon you fades away.
You constrict the human zombie. The human zombie hits you.
* * * LOW HITPOINT WARNING * * *
😱 HP[-1]
You take 1 damage, and now have 7/49 hp.
You hit the human zombie but do no damage.
You constrict the human zombie. The adder zombie bites you.
* * * LOW HITPOINT WARNING * * *
The human zombie closely misses you. 😱 HP[-3]
You take 3 damage, and now have 4/49 hp.
Unknown command.
Okay, then.
Okay, then.
You aren't carrying any potions.
You barely miss the human zombie. You constrict the human zombie.
The adder zombie bites you.
* * * LOW HITPOINT WARNING * * *
😱 HP[-3]
You take 3 damage, and now have 1/49 hp.
Unknown command.
You hit the human zombie but do no damage.
You constrict the human zombie.
You destroy the human zombie!
The adder zombie misses you. The adder zombie bites you.
You die...
Your body crumbles into a pile of gold.

Skill      XL: |  1  2  3  4  5  6 |
---------------+-------------------+-----
Fighting       | 4 5 6 7 |  7.0
Short Blades   | |  2.0
Dodging        | |  2.0
Stealth        | |  6.6

Action                   |  1- 3 |  4- 6 || total
-------------------------+-------+-------++-------
Melee: Short sword       |    44 |   100 ||   144
       Constrict         |    12 |    26 ||    38
       Tentacles         |     9 |    17 ||    26
  Use: Scroll            |     3 |     2 ||     5
       Potion            |       |     3 ||     3
 Stab: Sleeping          |     2 |    11 ||    13
Armor: Skin              |    12 |     9 ||    21
Dodge: Dodged            |    37 |    67 ||   104

Levels and vault maps discovered:
D:3:      minmay_roachtagon, layout_basic
D:4:      layout_loops_ring, led_xom_imps, nzn_wu_jian_contemplation,
          serial_shops, nicolae_take_the_stairs, nicolae_wormholes
D:5:      layout_cave_pools, trog_book, minmay_temple_entry_mist, serial_shops,
          shop
D:6:      layout_basic, gup_sewer_entry_bowl, uniq_sigmund
D:7:      layout_loops_ring, enter_ossuary_5, supply_closet_lemuel, minivault_11
Temple:   compressed_dpeg_circular_temple
Ossuary:  ossuary_tomb_1

Notes
Turn   | Place    | Note
-------+----------+-------------------------------------------
     0 | D:5      | spaghetti the Octopode Delver began the quest for the Orb.
     0 | D:5      | Reached XP level 1. HP: 16/16 MP: 1/1
     0 | D:5      | magus.rc [v1.9.6]
     2 | D:5      | Noticed a hound
    26 | D:5      | HP: 1/16 [bullfrog skeleton (6)]
    28 | D:5      | Reached skill level 4 in Fighting
    28 | D:5      | Reached XP level 2. HP: 1/22 MP: 2/2
    28 | D:5      | Reached XP level 3. HP: 2/27 MP: 3/3
   306 | D:5      | You pick up a book of Minor Magic and begin reading...
   306 | D:5      | You add the spells Magic Dart, Call Imp and Mephitic Cloud
                  | to your library.
   347 | D:6      | Noticed a centaur
   512 | D:6      | Noticed a phantom
   516 | D:6      | You pick up a book of Spatial Translocations and begin
                  | reading...
   516 | D:6      | You add the spells Blink, Lesser Beckoning and Manifold
                  | Assault to your library.
   520 | D:5      | Found a staircase to the Ecumenical Temple.
   536 | Temple   | Entered the Ecumenical Temple
   628 | D:5      | Noticed a phantom
   852 | D:4      | Found a shimmering altar of Xom.
   876 | D:4      | Noticed a black bear
  1234 | D:3      | Reached XP level 4. HP: 34/34 MP: 4/4
  1530 | D:3      | You fall into a shaft and drop 2 floors!
  1688 | D:5      | Reached skill level 5 in Fighting
  1705 | D:5      | You pick up a book of Debilitation and begin reading...
  1705 | D:5      | You add the spells Slow, Vampiric Draining and Confusing
                  | Touch to your library.
  1846 | D:5      | Reached XP level 5. HP: 39/41 MP: 5/5
  1848 | D:5      | Gained mutation: You have an increased reservoir of magic.
                  | (+10% MP) [potion of mutation]
  1848 | D:5      | Gained mutation: Your spells are a little harder to cast,
                  | but a little more powerful. [potion of mutation]
  1848 | D:5      | Gained mutation: Your body sometimes deteriorates upon
                  | taking damage. [potion of mutation]
  2096 | Temple   | Became a worshipper of Gozag Ym Sagoz the Greedy
  2147 | D:5      | Found a bloodstained altar of Trog.
  2295 | D:7      | Noticed a black bear
  2348 | D:7      | Found a sand-covered staircase.
  2396 | D:7      | Killed a black bear
  2397 | D:7      | Reached skill level 6 in Fighting
  2397 | D:7      | Reached XP level 6. HP: 25/47 MP: 6/6
  2545 | D:7      | Noticed a black bear
  2584 | Ossuary  | Entered an ossuary
  2788 | Ossuary  | HP: 11/47 [centaur zombie (1)]
  2790 | Ossuary  | Reached skill level 7 in Fighting
  2870 | Ossuary  | HP: 8/49 [human zombie (7)]
  2875 | Ossuary  | HP: 4/49 [adder zombie (4)]
  2876 | Ossuary  | HP: 1/49 [adder zombie (3)]
  2877 | Ossuary  | Slain by an adder zombie

Vanquished Creatures
  A black bear (D:7)
  A centaur zombie (Ossuary)
  2 hounds (D:5)
  A human zombie (Ossuary)
  A bullfrog skeleton (D:5)
  An iguana (D:5)
  2 adders (D:3)
  An ufetubus (D:4)
  2 adder zombies (Ossuary)
  An orc (D:5)
  10 giant cockroaches (D:3)
  2 quokkas
  A ball python (D:3)
  A bat (D:3)
  A goblin zombie (Ossuary)
  6 hobgoblin zombies (Ossuary)
  7 kobold zombies (Ossuary)
  10 orc zombies (Ossuary)
51 creatures vanquished.

Table legend:
 A = Non-vault XP
 B = Vault XP
 C = Vault XP percentage of total XP
 D = Non-vault monster count
 E = Vault monster count
 F = Vault count percentage of total count
                 A         B        C        D         E       F
            +---------+---------+-------+---------+---------+-------
      Total |     334 |     142 |  29.8 |      13 |      38 |  74.5
            +---------+---------+-------+---------+---------+-------
        D:3 |      30 |      20 |  40.0 |       5 |      10 |  66.7
        D:4 |      10 |       0 |   0.0 |       2 |       0 |   0.0
        D:5 |     161 |       0 |   0.0 |       5 |       0 |   0.0
        D:7 |     133 |       0 |   0.0 |       1 |       0 |   0.0
    Ossuary |       0 |     122 | 100.0 |       0 |      28 | 100.0
            +---------+---------+-------+---------+---------+-------

Illustrated notes

Table legend:
 A = Kills in this place as a percentage of kills in entire the game.
 B = Kills by you in this place as a percentage of kills by you in the entire game.
 C = Kills by friends in this place as a percentage of kills by friends in the entire game.
 D = Other kills in this place as a percentage of other kills in the entire game.
 E = Experience gained in this place as a percentage of experience gained in the entire game.
 F = Experience gained in this place divided by the number of levels of this place that you have seen.
                   A       B       C       D       E      F
               +-------+-------+-------+-------+-------+----------------------
         Total | 100.0 | 100.0 |   N/A |   N/A | 100.0 |  68.0
       Dungeon |  45.1 |  45.1 |   N/A |   N/A |  74.4 |  70.8
       Ossuary |  54.9 |  54.9 |   N/A |   N/A |  25.6 | 122.0
               +-------+-------+-------+-------+-------+----------------------

Table legend: (Time is in decaauts)
 A = Elapsed time spent in this place.
 B = Non-inter-level travel time spent in this place.
 C = Inter-level travel time spent in this place.
 D = Time resting spent in this place.
 E = Time spent auto-exploring this place.
 F = Levels seen in this place.
 G = Mean time per level.
                   A        B        C        D        E       F      G
               +--------+--------+--------+--------+--------+-----+--------+
         Total |   2867 |   2692 |    175 |    926 |   1080 |   7 |  409.6 |
       Dungeon |   2418 |   2356 |     62 |    922 |    953 |   5 |  483.6 |
        Temple |    156 |     43 |    113 |      0 |     23 |   1 |  156.0 |
       Ossuary |    292 |    292 |      0 |      4 |    104 |   1 |  292.0 |
               +--------+--------+--------+--------+--------+-----+--------+

Top non-repeatable levels by time:
     D:5: 800 daAuts
     D:3: 633 daAuts
     D:7: 449 daAuts
 Ossuary: 292 daAuts
     D:6: 277 daAuts
     D:4: 257 daAuts
  Temple: 156 daAuts
